 Dungeon Crawl Stone Soup version 0.28-a0-863-g8cecda6153 (webtiles) character file.

Game seed: 10485237262752314572

37 SirFunk the Caller (level 3, 26/26 HPs)
             Began as a Barachi Summoner on Sept 17, 2021.
             Quit the game on level 2 of the Dungeon on Nov 19, 2021.
             The game lasted 00:08:01 (1933 turns).

SirFunk the Caller (Barachi Summoner)               Turns: 1933, Time: 00:08:01

Health: 26/26      AC:  2    Str:  9    XL:     3   Next: 39%
Magic:  7/7        EV: 12    Int: 16    God:
Gold:   13         SH:  0    Dex: 12    Spells: 1/7 levels left

rFire   . . .      SeeInvis .   a - +2 hand axe (flame)
rCold   . . .      Faith    .   (no shield)
rNeg    . . .      Spirit   .   m - +0 robe
rPois   .          Reflect  .   (no helmet)
rElec   .          Harm     .   (no cloak)
rCorr   .          Rampage  .   (no gloves)
Will    .....                   (no boots)
Stlth   ++........              (no amulet)
HPRegen 0.08/turn               (no ring)
MPRegen 0.10/turn               (no ring)

@: slow
A: amphibious, slowness 1, strong legs 1, +LOS
a: Hop


You were on level 2 of the Dungeon.
You visited 1 branch of the dungeon, and saw 2 of its levels.

You collected 13 gold pieces.

Inventory:

Hand Weapons
 a - a +2 hand axe of flaming (weapon)
Missiles
 j - 32 stones
Armour
 m - a +0 robe (worn)
Scrolls
 e - a scroll of silence {unknown}
 g - a scroll of identify {unknown}
 h - a scroll of magic mapping {unknown}
 i - a scroll of fear {unknown}
 k - a scroll of blinking {unknown}
 l - 2 scrolls of teleportation {unknown}
Potions
 b - a potion of flight {unknown}
 d - a potion of curing {unknown}
 f - a potion of attraction {unknown}


   Skills:
 + Level 1.5 Fighting
 - Level 2.1 Dodging
 - Level 1.7 Stealth
 + Level 2.6 Spellcasting
 * Level 5.5 Summonings


You had one spell level left.
You knew the following spells:

 Your Spells              Type           Power      Damage    Failure   Level
a - Summon Small Mammal   Summ           76%        N/A       1%          1
b - Call Imp              Summ           19%        N/A       3%          2
c - Call Canine Familiar  Summ           19%        N/A       6%          3

Your spell library contained the following spells:

 Spells                   Type           Power      Damage    Failure   Level
 Freeze                   Ice            8%         1d3       19%         1
 Summon Guardian Golem    Hex/Summ       11%        N/A       19%         3
 Dazzling Flash           Conj/Hex       4%         N/A       50%         3
 Frozen Ramparts          Ice            4%         1d2       50%         3
 Summon Lightning Spire   Summ/Air       11%        N/A       52%         4
 Hailstorm                Conj/Ice       2%         3d3       88%         4
 Agony                    Necr           2%         N/A       99%         5
 Silence                  Hex/Air        1%         N/A       99%         5


Dungeon Overview and Level Annotations

Branches:
Dungeon (2/15)

Altars:

Shops:
D:2 =[[


Innate Abilities, Weirdness & Mutations

You are amphibious.
You cover ground slowly.
You can hop short distances.
You have an extended range of vision and can be seen from far away.


Message History

The helpless bat fails to defend itself.
You hit the bat. You burn the bat.
The bat is severely wounded.
The bat hits you but does no damage.
Something closely misses your white imp.
The bat hits you. The bat barely misses you. The bat misses you.
You barely miss the bat. The bat closely misses you.
The bat hits you but does no damage.
You closely miss the bat. The bat barely misses you.
The bat closely misses you. x2
You miss the bat. The bat closely misses you. The bat completely misses you.
The bat misses you.
You hit the bat. You burn the bat.
The bat is severely wounded.
The bat completely misses you. The bat barely misses you. x3
You swap places.
The bat hits your white imp but does no damage.
Your white imp closely misses the bat.
The bat hits your white imp but does no damage.
The bat closely misses your white imp.
Your white imp misses the bat.
Unknown command.
The bat barely misses your white imp. The bat barely misses your white imp.
Your white imp closely misses the bat.
The bat hits your white imp but does no damage.
The bat hits your white imp but does no damage.
Your white imp hits the bat.
The bat dies!
Unknown command.
Unknown command.
Unknown command.
There is an entrance to Febo Sof's Armour Boutique here.
You can access your shopping list by pressing '$'.
Welcome back, SirFunk the Barachi Summoner.
Press ? for a list of commands and other information.
Save game and exit?
Okay, then.
Unknown command.
Are you sure you want to abandon this character and quit the game? (Confirm with "yes".)

.........#.. ..# ##
######...#.# #.# .. #
######...#.#####.####.#$∩.#
#........#.................
#.#####...######.#.#######
#.# #...# ###.#..#
#'#####....###8.8.8.#
......#..#.##..⌠5⌠..#
......#..#..#.8.@.8##
......#........⌠.⌠.#
......#.##..##8(8.8#
......#.###.#####....
......#.# #.# #.####
#'##### #.# #.# #.# #.# .#
..# .#


You could see a friendly white imp (summoned).

Vanquished Creatures
  A ball python (D:2)
  A bat (D:1)
  An endoplasm (D:1)
  A goblin (D:1)
  2 hobgoblins (D:1)
  A quokka (D:1)
  A frilled lizard (D:1)
  5 rats
13 creatures vanquished.

Vanquished Creatures (collateral kills)
  A dart slug (D:2)
  5 ball pythons (D:1)
  2 bats
  3 endoplasms
  A giant cockroach (D:1)
  2 goblins (D:1)
  A hobgoblin (D:1)
  A frilled lizard (D:1)
  2 kobolds (D:1)
18 creatures vanquished.

Grand Total: 31 creatures vanquished

Notes
Turn   | Place    | Note
-------+----------+-------------------------------------------
     0 | D:1      | SirFunk the Barachi Summoner began the quest for the Orb.
     0 | D:1      | Reached XP level 1. HP: 13/13 MP: 3/3
   115 | D:1      | Reached skill level 5 in Summonings
   265 | D:1      | Reached XP level 2. HP: 17/20 MP: 0/5
   286 | D:1      | Reached skill level 1 in Fighting
   537 | D:1      | HP: 1/21 [endoplasm (1)]
  1238 | D:1      | Reached XP level 3. HP: 18/26 MP: 3/6
  1263 | D:1      | Learned a level 2 spell: Call Imp
  1267 | D:1      | Learned a level 3 spell: Call Canine Familiar
  1693 | D:2      | Found Quipp's Jewellery Shop.
  1908 | D:2      | Found Febo Sof's Armour Boutique.
  1909 | D:2      | Found Raijol's Antique Armour Shop.
  1933 | D:2      | Upgraded the game from 0.28-a0-476-g0f06bd746f to
                  | 0.28-a0-863-g8cecda6153
  1933 | D:2      | Quit the game

Illustrated notes

Levels and vault maps discovered:
D:1:      dpeg_arrival_round_c, layout_basic, chequers_hall_statues_y
D:2:      layout_basic, serial_shops,
          nicolae_shop_temple_entry_statues_fountains, nicolae_shop_waterfront,
          nicolae_shop_statue_plus, nicolae_shop_stone,
          nicolae_shop_temple_entry_statues_fountains,
          ebering_ecumenical_altar_mist

Skill      XL: |  1  2 |
---------------+-------+-----
Summonings     | 5 |  5.5
Fighting       | 1 |  1.5
Dodging        | |  2.1
Stealth        | |  1.7
Spellcasting   | |  2.6

Action                   || total
-------------------------++-------
Melee: Unarmed           ||     7
       Club              ||    39
       Hand axe          ||    11
 Cast: Summon Small Mamm ||    27
       Call Imp          ||     6
 Stab: Sleeping          ||     2
Armor: Robe              ||    17
Dodge: Dodged            ||    67

Table legend: (Time is in decaauts)
 A = Elapsed time spent in this place.
 B = Non-inter-level travel time spent in this place.
 C = Inter-level travel time spent in this place.
 D = Time resting spent in this place.
 E = Time spent auto-exploring this place.
 F = Levels seen in this place.
 G = Mean time per level.
                   A        B        C        D        E       F      G
               +--------+--------+--------+--------+--------+-----+--------+
         Total |   2130 |   2108 |     22 |    645 |    861 |   2 | 1065.0 |
       Dungeon |   2130 |   2108 |     22 |    645 |    861 |   2 | 1065.0 |
               +--------+--------+--------+--------+--------+-----+--------+

Top non-repeatable levels by time:
     D:1: 1805 daAuts
     D:2: 324 daAuts
